 Dungeon Crawl Stone Soup version 0.31-a0-152-g6aa68a64a1 (webtiles) character file.

Game seed: 10782760426844578359

67 ryw the Trooper (level 3, 30/31 HPs)
             Began as a Demonspawn Monk on June 11, 2023.
             Quit the game on level 2 of the Dungeon.
             The game lasted 00:01:34 (1083 turns).

ryw the Trooper (Demonspawn Monk)                   Turns: 1083, Time: 00:01:35

Health: 30/31      AC:  3    Str: 13    XL:     3   Next: 98%
Magic:  3/3        EV: 12    Int: 11    God:
Gold:   120        SH:  0    Dex: 15    Spells: 2/2 levels left

rFire   . .          .
                       - Unarmed
rCold   . . .        c - orb {light}
rNeg    . . .        f - +0 leather armour
rPois   .            (no helmet)
rElec   .            (no cloak)
rCorr   .            (no gloves)
SInv    .            (no boots)
Will    .....        j - amulet of regeneration
Stlth   +            (no ring)
HPRegen 1.05/turn    (no ring)
MPRegen 0.08/turn

%: no passive effects
@: glowing
A: spiny 1, weakness stinger 1
a: no special abilities


You were on level 2 of the Dungeon.
You visited 1 branch of the dungeon, and saw 2 of its levels.

You collected 120 gold pieces.

Inventory:

Missiles
 d - 4 poisoned darts
Armour
 a - a +0 robe
 c - an orb of light (worn)
 f - a +0 leather armour (worn)
Jewellery
 j - an amulet of regeneration (around neck)
Scrolls
 e - a scroll of noise {unknown}
 g - a scroll of vulnerability {unknown}
 k - 4 scrolls of identify {unknown}
 l - 3 scrolls of teleportation {unknown}
 o - a scroll of immolation {unknown}
Potions
 b - a potion of ambrosia
 h - a potion of brilliance {unknown}
 i - a potion of curing {unknown}
 m - a potion of berserk rage {unknown}
 n - a potion of haste {unknown}


   Skills:
 + Level 4.5 Fighting
 - Level 3.0 Dodging
 - Level 3.0 Unarmed Combat


You had 2 spell levels left.
You didn't know any spells.
Your spell library was empty.

Dungeon Overview and Level Annotations

Branches:
Dungeon (2/15)

Altars:


Innate Abilities, Weirdness & Mutations

You are partially covered in sharp spines.
You have a small tail.


Message History

No target in view!
You feel sick.
You feel sick.
You feel sick.
You feel sick.
You are no longer poisoned.
o - a scroll labelled TUFFANEE NESS
There is a stone staircase leading down here.
You open the door.
There is an open door here.
There is an open door here.
Found an escape hatch in the floor.
You now have 107 gold pieces (gained 15).
An adder comes into view.
The adder hisses angrily.
An adder is nearby!
You hit the adder.
The adder is moderately wounded.
The adder closely misses you. x2
You hit the adder.
The adder is severely wounded.
The adder bites you.
You hit the adder.
You kill the adder!
No target in view!
No target in view!
There is an escape hatch in the floor here.
You now have 120 gold pieces (gained 13).
A hobgoblin comes into view.
A hobgoblin is nearby!
You see here a scroll labelled NAUBEI UREUTIG.
The hobgoblin hits you.
You hit the hobgoblin.
You kill the hobgoblin!
No target in view!
No target in view!
No target in view!
No target in view!
No target in view!
Are you sure you want to abandon this character and quit the game? (Confirm with "yes".)

#...........#
#........##.#
#........#
#........#
#........#
#......>.#
#........#
#######.?......#
#.....@.^......#
#..............#
#.......########
#.......#
#.......#
#.......#
#.......#
#.......#


There were no monsters in sight!

Vanquished Creatures
  5 adders (D:2)
  2 ball pythons
  2 endoplasms
  3 goblins (D:1)
  5 hobgoblins
  A quokka (D:1)
  A bat (D:1)
  2 rats (D:1)
21 creatures vanquished.

Notes
Turn   | Place    | Note
-------+----------+-------------------------------------------
     0 | D:1      | ryw the Demonspawn Monk began the quest for the Orb.
     0 | D:1      | Reached XP level 1. HP: 18/18 MP: 1/1
   521 | D:1      | Gained mutation: You are partially covered in sharp spines.
                  | [demonic ancestry]
   521 | D:1      | Reached XP level 2. HP: 24/24 MP: 2/2
   919 | D:2      | Gained mutation: You have a small tail. [demonic ancestry]
   919 | D:2      | Reached XP level 3. HP: 29/30 MP: 3/3
   991 | D:2      | Reached skill level 4 in Fighting
  1083 | D:2      | Quit the game

Illustrated notes

Levels and vault maps discovered:
D:1:      saegor_arrival_simple_e, layout_loops_corners,
          chequers_serial_rivers_small_3, st_stairs_13, minmay_heptomino_l4
D:2:      layout_basic, nicolae_half_adder

Skill      XL: |  1  2  3 |
---------------+----------+-----
Dodging        | 3 |  3.0
Unarmed Combat | 3 |  3.0
Fighting       | 4 |  4.5

Action                     || total
---------------------------++-------
  Melee: Unarmed           ||    46
         Tailslap          ||     1
 Armour: Leather armour    ||     8
  Dodge: Dodged            ||    24

Table legend: (Time is in decaauts)
 A = Elapsed time spent in this place.
 B = Non-inter-level travel time spent in this place.
 C = Inter-level travel time spent in this place.
 D = Time resting spent in this place.
 E = Time spent auto-exploring this place.
 F = Levels seen in this place.
 G = Mean time per level.
                   A        B        C        D        E       F      G
               +--------+--------+--------+--------+--------+-----+--------+
         Total |   1081 |   1062 |     19 |      0 |    902 |   2 |  540.5 |
       Dungeon |   1081 |   1062 |     19 |      0 |    902 |   2 |  540.5 |
               +--------+--------+--------+--------+--------+-----+--------+

Top non-repeatable levels by time:
     D:1: 879 daAuts
     D:2: 201 daAuts
